 Dungeon Crawl Stone Soup version 0.24.0-13-gcf9b319 (webtiles) character file.

Game seed: 13846884868138140719, levelgen mode: deterministic

42542 Bronimir the Markscentaur (level 13, -5/101 HPs)
             Began as a Centaur Hunter on Mar 22, 2020.
             Was an Elder of Okawaru.
             Slain by an ice devil (11 damage)
             ... in an ice cave.
             The game lasted 00:54:51 (17852 turns).

Bronimir the Markscentaur (Centaur Hunter)         Turns: 17852, Time: 00:54:51

Health: -5/101     AC: 13    Str: 21    XL:     13   Next: 86%
Magic:  17/18      EV: 13    Int: 10    God:    Okawaru [****..]
Gold:   402        SH:  0    Dex:  9    Spells: 16/16 levels left

rFire    . . .     SeeInvis .   a - +1 shortbow (freeze)
rCold    + . .     Gourm    .   (shield currently unavailable)
rNeg     . . .     Faith    .   B - +0 ring mail
rPois    .         Spirit   .   y - +2 helmet
rElec    .         Reflect  .   l - +1 cloak
rCorr    .         Harm     .   (no gloves)
MR       ++...                  (no barding)
Stlth    ++........             D - amulet of rage
HPRegen  0.26/turn              o - ring "Sice" {+Blink rC+}
MPRegen  0.16/turn              X - ring of protection from magic

@: heroism, very quick
A: large, hooves 3, deformed body, deterioration 1, speed 2, frail 1, magic
resistance 1, tough skin 3
a: Heroism, Renounce Religion, Evoke Blink, Evoke Berserk Rage


You were in an ice cave.
You worshipped Okawaru.
Okawaru was greatly pleased with you.
You were not hungry.

You visited 3 branches of the dungeon, and saw 13 of its levels.
You also visited: Ice Cave.

You collected 545 gold pieces.
You spent 143 gold pieces at shops.

Inventory:

Hand Weapons
 a - a +1 shortbow of freezing (weapon)
 b - a +2 war axe of freezing
 k - a +1 bardiche of freezing
 p - a +1 demon trident of freezing
 L - a +0 battleaxe
Missiles
 d - 17 arrows (quivered)
 j - 365 stones
 m - 26 sling bullets
 s - 32 poisoned darts
 W - 69 bolts
Armour
 l - a +1 cloak (worn)
 y - a +2 helmet (worn)
 B - a +0 ring mail (worn)
Jewellery
 o - the ring "Sice" (left hand) {+Blink rC+}
   (You found it on level 3 of the Lair of Beasts)

   [ring of protection from cold]

   It protects you from cold.
   It lets you blink.
 C - an uncursed ring of positive energy
 D - an amulet of rage (around neck)
 X - a ring of protection from magic (right hand)
Wands
 c - a wand of random effects (19)
 I - a wand of acid (3)
 Q - a wand of polymorph (5)
Scrolls
 r - 4 scrolls of identify
 A - a scroll of immolation
 O - 3 scrolls of remove curse
 Z - a scroll of amnesia
Potions
 e - 2 potions of brilliance
 g - a potion of invisibility
 h - 2 potions of cancellation
 w - 2 potions of flight
 x - a potion of magic
Miscellaneous
 n - a fan of gales
Comestibles
 f - 14 rations


   Skills:
 + Level 9.8(14.8) Fighting
 + Level 7.1(12.2) Axes
 * Level 1.7(9.8) Polearms
 * Level 15.3(20.3) Bows
 + Level 3.0(8.0) Throwing
 + Level 4.8(9.8) Armour
 * Level 6.5(11.5) Dodging
 - Level 0.4(5.4) Stealth
 + Level 2.9(7.9) Unarmed Combat
 + Level 2.4 Spellcasting
   Level 1.4 Hexes
 + Level 7.4 Invocations
 * Level 5.7 Evocations


You had 16 spell levels left.
You didn't know any spells.
Your spell library contained the following spells:

 Spells                   Type           Power        Failure   Level  Hunger
 Confusing Touch          Hex            #.....       24%         1    ##.....
 Slow                     Hex            #.......     36%         2    ###....
 Animate Skeleton         Necr           N/A          41%         1    ##.....
 Apportation              Tloc           #.....       41%         1    ##.....
 Flame Tongue             Conj/Fire      #....        41%         1    ##.....
 Magic Dart               Conj           #...         41%         1    ##.....
 Summon Small Mammal      Summ           #...         41%         1    ##.....
 Blink                    Tloc           N/A          54%         2    ###....
 Call Imp                 Summ           #.......     54%         2    ###....
 Conjure Flame            Conj/Fire      #.......     78%         3    ####...
 Mephitic Cloud           Conj/Pois/Air  #.......     78%         3    ####...
 Cause Fear               Hex            #.........   94%         4    #####..
 Bolt of Fire             Conj/Fire      #.........   100%        6    #######
 Dragon Form              Tmut           #.........   100%        7    #######
 Dragon's Call            Summ           #.........   100%        9    #######


Dungeon Overview and Level Annotations

Branches:
Dungeon (9/15)             Temple (1/1) D:4            Lair (3/6) D:9
 Spider (0/4) Lair:3        IceCv (1/1)
  Swamp: Lair:2-4    Shoals: Lair:2-4       Orc: D:9-12

Altars:
Ashenzari
Cheibriados
Dithmenos
Elyvilon
Fedhas
Gozag
Hepliaklqana
Kikubaaqudgha
Makhleb
Nemelex Xobeh
Okawaru
Qazlal
Ru
Sif Muna
Trog
Uskayaw
Vehumet
Wu Jian
Xom
Yredelemnul
Zin
The Shining One

Shops:
D:5 !

Annotations:
D:4 2 runed translucent doors, Clownsaurus's ghost, novice SpAs
Lair:3 Sadonosm's ghost, journeyman DgSk


Innate Abilities, Weirdness & Mutations

You have hooves in place of feet.
Armour fits poorly on your strangely shaped body.
You cover ground very quickly.
You have extremely tough skin. (AC +3)
Your body sometimes deteriorates upon taking damage.
You are frail. (-10% HP)
You are resistant to hostile enchantments. (MR+)


Message History

Press: ? - help, Shift-Dir - straight line, f/p - ice devil
Aim: an ice devil (severely wounded)
You shoot an arrow.
The arrow completely misses the ice devil.
Firing (i - inventory. (/) - cycle)
d - 18 arrows (quivered)
Press: ? - help, Shift-Dir - straight line, f/p - ice devil
Aim: an ice devil (severely wounded)
You shoot an arrow. The arrow barely misses the ice devil.
The ice devil hits you!
* * * LOW HITPOINT WARNING * * *
The ice devil freezes you! You resist.
* * * LOW HITPOINT WARNING * * *
You feel better. The ice devil hits you.
* * * LOW HITPOINT WARNING * * *
The ice devil freezes you! You resist.
* * * LOW HITPOINT WARNING * * *
You feel better. The ice devil hits you.
* * * LOW HITPOINT WARNING * * *
The ice devil freezes you! You resist.
You die...

# ## #. ##. ####
#.. ##..###### ##°
##....##..## ###..
#..........###.4..
#@4.(.(((.(.#.....
#.......##....##..
##....#####..####.
##..## #### #..
#### ###


You could see an ice devil.

Vanquished Creatures
  Harold (D:7)
  A hydra (Lair:2)
  Pikel (D:4)
  2 ice statues (IceCv)
  4 black mambas
  5 spiny frogs
  2 komodo dragons
  5 ice devils (IceCv)
  Prince Ribbit (D:8)
  Grinder (D:5)
  4 hippogriffs
  3 blink frogs (Lair:2)
  A spriggan (D:7)
  A wyvern (Lair:2)
  19 yaks
  9 humans
  Menkaure (D:6)
  6 water moccasins
  5 porcupines
  2 orc warriors
  5 sky beasts
  2 ice beasts
  3 ogres
  3 centaurs
  13 crocodiles
  5 bullfrogs
  3 big kobolds
  A water moccasin zombie (D:5)
  3 scorpions
  14 killer bees (D:9)
  2 howler monkeys
  3 bullfrog zombies (D:5)
  4 crimson imps
  A quasit (D:8)
  4 centaur skeletons
  5 hounds
  9 orc wizards
  A bullfrog skeleton (D:6)
  5 orc priests
  Terence (D:3)
  Natasha (thrice) (D:2)
  2 iguanas
  6 worker ants
  A hound zombie (D:5)
  A hound skeleton (D:9)
  Robin (D:3)
  12 gnolls
  11 adders
  A shadow imp (D:8)
  8 white imps (IceCv)
  7 ufetubi (IceCv)
  An ooze (D:7)
  An adder skeleton (D:5)
  3 worms
  3 dart slugs
  4 leopard geckos
  36 orcs
  2 ball pythons
  9 bats
  11 giant cockroaches
  6 hobgoblins
  16 jackals
  16 kobolds
  6 quokkas
  2 frilled lizards
  11 goblins
  A jackal skeleton (D:5)
  A leopard gecko zombie (D:5)
  A quokka zombie (D:6)
  9 rats
353 creatures vanquished.

Vanquished Creatures (others)
  A reaper (IceCv)
  An adder (D:4)
  A white imp (IceCv)
  3 ufetubi (IceCv)
  A leopard gecko (D:4)
7 creatures vanquished.

Grand Total: 360 creatures vanquished

Notes
Turn   | Place    | Note
-------+----------+-------------------------------------------
     0 | D:1      | Bronimir the Centaur Hunter began the quest for the Orb.
     0 | D:1      | Reached XP level 1. HP: 17/17 MP: 1/1
   105 | D:1      | Reached XP level 2. HP: 24/24 MP: 2/2
   168 | D:1      | Reached skill level 6 in Bows
   461 | D:1      | Reached XP level 3. HP: 25/29 MP: 3/3
   893 | D:2      | Reached skill level 7 in Bows
   893 | D:2      | Reached XP level 4. HP: 28/36 MP: 4/4
   897 | D:2      | Reached skill level 1 in Polearms
  1162 | D:2      | Reached XP level 5. HP: 23/41 MP: 5/5
  1461 | D:2      | Noticed Natasha
  1674 | D:2      | Killed Natasha
  1783 | D:2      | Noticed Natasha
  1791 | D:2      | Killed Natasha
  1824 | D:2      | Reached skill level 8 in Bows
  1977 | D:2      | Noticed Natasha
  1981 | D:2      | Killed Natasha
  2338 | D:3      | Noticed Robin
  2352 | D:3      | Killed Robin
  2431 | D:3      | Reached XP level 6. HP: 38/50 MP: 6/6
  2461 | D:2      | Reached skill level 1 in Armour
  2473 | D:2      | HP: 2/50 [poisoned by an adder]
  2481 | D:2      | HP: 2/50 [poisoned by an adder]
  3479 | D:3      | Found a faded altar of an unknown god.
  3507 | D:3      | Noticed Terence
  3537 | D:3      | Killed Terence
  3537 | D:3      | Reached skill level 1 in Axes
  4074 | D:4      | Noticed a slave
  4077 | D:4      | Noticed Pikel
  4078 | D:4      | Noticed a slave
  4079 | D:4      | Noticed a slave
  4080 | D:4      | Noticed a slave
  4158 | D:4      | Killed Pikel
  4158 | D:4      | Reached skill level 9 in Bows
  4158 | D:4      | Reached XP level 7. HP: 21/57 MP: 7/7
  4447 | D:4      | Found a runed translucent door.
  4452 | D:4      | Noticed Clownsaurus's ghost (novice SpAs)
  4509 | D:4      | Found a runed translucent door.
  4612 | D:4      | Found an iron altar of Okawaru.
  4613 | D:4      | Found a basalt altar of Yredelemnul.
  4740 | D:4      | Found a staircase to the Ecumenical Temple.
  4746 | Temple   | Entered the Ecumenical Temple
  4831 | D:4      | Became a worshipper of Warmaster Okawaru
  5481 | D:5      | Entered Level 5 of the Dungeon
  5506 | D:5      | Found a white marble altar of Elyvilon.
  5561 | D:5      | Noticed Grinder
  5594 | D:5      | Killed Grinder
  5594 | D:5      | Reached skill level 10 in Bows
  5594 | D:5      | Reached XP level 8. HP: 51/63 MP: 8/8
  5659 | D:5      | Found Qokayggi's Distillery.
  5673 | D:5      | Bought a potion of degeneration for 13 gold pieces
  5673 | D:5      | Bought a potion of heal wounds for 65 gold pieces
  5673 | D:5      | Bought a potion of heal wounds for 65 gold pieces
  5802 | D:5      | Reached * piety under Okawaru
  6129 | D:5      | Reached skill level 11 in Bows
  6709 | D:6      | Reached skill level 1 in Invocations
  6758 | D:6      | Reached XP level 9. HP: 34/71 MP: 8/10
  6962 | D:6      | Reached ** piety under Okawaru
  7027 | D:6      | Found an opulent altar of Gozag.
  7146 | D:6      | Noticed Menkaure
  7151 | D:6      | Killed Menkaure
  7433 | D:7      | Reached skill level 12 in Bows
  7681 | D:7      | Reached skill level 5 in Fighting
  7696 | D:7      | Noticed Harold
  7734 | D:7      | Killed Harold
  7734 | D:7      | Reached *** piety under Okawaru
  8203 | D:7      | Found an iron altar of Okawaru.
  8234 | D:7      | Found a snail-covered altar of Cheibriados.
  8455 | D:7      | Reached XP level 10. HP: 80/83 MP: 12/12
  9093 | D:8      | Received a gift from Okawaru
  9125 | D:8      | Noticed Prince Ribbit
  9232 | D:8      | Reached skill level 1 in Evocations
  9341 | D:8      | Found a sparkling altar of Nemelex Xobeh.
  9341 | D:8      | Found a bloodstained altar of Trog.
  9446 | D:8      | Killed Prince Ribbit
  9530 | D:8      | Reached skill level 13 in Bows
 10148 | D:8      | Found a hazy altar of Hepliaklqana.
 10148 | D:8      | Found a stormy altar of Qazlal.
 10537 | D:9      | Reached **** piety under Okawaru
 10836 | D:9      | Found a staircase to the Lair.
 10845 | D:9      | Found a runed translucent door.
 10849 | D:9      | Found a runed translucent door.
 10855 | D:9      | Found a runed translucent door.
 10858 | D:9      | Found a runed translucent door.
 10860 | D:9      | Found a runed translucent door.
 10862 | D:9      | Found a runed translucent door.
 10872 | D:9      | Found a runed translucent door.
 10908 | D:9      | Reached skill level 5 in Dodging
 10953 | D:9      | Received a gift from Okawaru
 10984 | D:9      | Received a gift from Okawaru
 10984 | D:9      | Reached XP level 11. HP: 58/92 MP: 14/14
 11026 | D:9      | Reached skill level 5 in Invocations
 11251 | D:9      | Found a runed translucent door.
 11287 | D:9      | Found a runed translucent door.
 11489 | D:9      | Received a gift from Okawaru
 11815 | D:9      | Reached skill level 5 in Axes
 11972 | Lair:1   | Entered Level 1 of the Lair of Beasts
 11993 | Lair:1   | Reached skill level 14 in Bows
 12967 | Lair:1   | Reached ***** piety under Okawaru
 13383 | Lair:1   | Reached skill level 1 in Spellcasting
 13383 | Lair:1   | Reached XP level 12. HP: 103/103 MP: 16/16
 13384 | Lair:1   | Reached skill level 1 in Hexes
 13384 | Lair:1   | Reached XP level 13. HP: 111/111 MP: 16/18
 13385 | Lair:1   | Gained mutation: You are frail. (-10% HP) [potion of
                  | mutation]
 13385 | Lair:1   | Gained mutation: Your body sometimes deteriorates upon
                  | taking damage. [potion of mutation]
 13385 | Lair:1   | Gained mutation: You are resistant to hostile enchantments.
                  | (MR+) [potion of mutation]
 13410 | Lair:2   | Reached skill level 5 in Evocations
 14913 | Lair:2   | Received a gift from Okawaru
 15260 | Lair:2   | Reached skill level 15 in Bows
 15972 | Lair:2   | Found the +8 whip "Snakebite" {curare, rPois}
 16209 | Lair:3   | Found a hole to the Spider Nest.
 16223 | Lair:3   | Noticed Sadonosm's ghost (journeyman DgSk)
 16267 | Lair:3   | Found a frozen archway.
 16309 | Lair:3   | Got a scorched amber ring
 16310 | Lair:3   | Identified the ring "Sice" {+Blink rC+} (You found it on
                  | level 3 of the Lair of Beasts)
 16579 | IceCv    | Entered an ice cave
 16714 | IceCv    | Killed a reaper
 17850 | IceCv    | HP: 4/101 [ice devil (10)]
 17852 | IceCv    | Slain by an ice devil

Levels and vault maps discovered:
D:1:      eino_arrival_tree_alley, layout_basic
D:2:      layout_rooms, first_ration, grunt_decor_arrowhead, minmay_ruptured,
          uniq_natasha
D:3:      layout_basic, chequers_ecumenical_altar_simple_redux, uniq_terence,
          uniq_robin
D:4:      layout_layer_cave, chequers_temple_overflow_statue_of_worship,
          minmay_temple_entry_enclosed_plants, portal_sewer_entry_d,
          ebering_ghost_sewer_f, kennysheep_generic_room_14, uniq_pikel
D:5:      layout_basic, overflow_temple_1_default, serial_shops, shop,
          uniq_grinder
D:6:      layout_rooms, nicolae_overflow_hidden_temple, uniq_menkaure
D:7:      layout_basic, cheibriados_altar_1, the_bakery, st_stairs_6,
          okawaru_humans, uniq_harold
D:8:      layout_loops_ring, gammafunk_temple_overflow_statue,
          gammafunk_temple_overflow_wave, uniq_prince_ribbit1
D:9:      erik_cavepeople, layout_basic, lair_entry_dummy
Temple:   cyrus_circular_temple
Lair:1:   layout_cave_shapes, serial_bayou_shore_b
Lair:2:   minmay_guarded_unrand_snakebite, layout_regular_city,
          beast_lair_carwin_1, grunt_megastairs_1
Lair:3:   layout_misc_corridors, spider_nest_entry_web_field,
          gammafunk_ghost_arena, portal_ice_cave_entry_pillars_1,
          chequers_serial_rivers_micro_c
IceCv:    ice_cave_small_demon

Skill      XL: |  1  2  3  4  5  6  7  8  9 10 11 12 13 |
---------------+----------------------------------------+-----
Bows           | 6 7 8 9 10 11 12 13 14 15 | 15.3
Polearms       | 1 |  1.7
Dodging        | 2 3 4 5 6 |  6.5
Armour         | 2 3 4 |  4.8
Axes           | 2 3 4 5 6 7 |  7.1
Fighting       | 3 4 5 7 8 9 |  9.8
Invocations    | 1 3 4 6 7 |  7.4
Evocations     | 2 3 4 5 |  5.7
Throwing       | 2 3 |  3.0
Unarmed Combat | 2 |  2.9
Spellcasting   | 1 2 |  2.4
Hexes          | 1 |  1.4
Stealth        | |  0.4

Action                   |  1- 3 |  4- 6 |  7- 9 | 10-12 | 13-15 || total
-------------------------+-------+-------+-------+-------+-------++-------
Melee: Spear             |    54 |       |       |       |       ||    54
       Kick              |     9 |    15 |    12 |       |    10 ||    46
       Halberd           |       |    19 |       |       |       ||    19
       War axe           |       |    93 |    41 |     1 |    14 ||   149
       Shortbow          |       |       |     1 |       |       ||     1
       Bardiche          |       |       |       |       |     3 ||     3
       Punch             |       |       |       |       |     1 ||     1
 Fire: Shortbow          |    56 |    91 |   388 |   656 |   438 ||  1629
Throw: Dart              |       |     2 |       |       |       ||     2
Invok: Heroism           |       |       |     3 |    10 |    12 ||    25
       Finesse           |       |       |       |       |     1 ||     1
 Abil: Evoke Berserk Rag |       |       |       |       |     3 ||     3
  Use: Potion            |       |     1 |       |     7 |    12 ||    20
       Scroll            |       |       |    10 |     3 |     2 ||    15
  Eat: Chunk             |       |     7 |     8 |    11 |     9 ||    35
       Ration            |       |       |     1 |       |     2 ||     3
Armor: Leather armour    |    28 |    59 |       |       |       ||    87
       Ring mail         |       |    29 |    87 |    84 |    49 ||   249
       Skin              |       |     1 |       |       |       ||     1
Dodge: Dodged            |    36 |    68 |    72 |   116 |   101 ||   393
